AoeStats
← Suiram162

Lombardia

509113784Analyzed
4v4 RM · 6d ago on Sep 25, 2026· 65m 24s· 8 players
Game mode
Random Map
Map size
Large (8 player)
Population
200
Speed
Normal
Resources
Standard
Victory
Conquest
Starting age
Dark Age
Ending age
Imperial Age
RankedLock teamsTeams togetherTeam positionsShared explorationLock speedFull tech treeHidden civsTurbo modeCheats
Victory
Defeat
🇩🇪 Spanish · Germany
844
+5
🇩🇪 Vietnamese · Germany
821
+6
🇨🇳 Mongols · China
770
+7
🇩🇪 Khmer · Germany
636
+12
🇮🇩 Saxons · Indonesia
613
-9
🇫🇷 Khmer · France
610
-9
🇿🇦 Aztecs · South Africa
529
-7
🇵🇪 Persians · Peru
469
-5
BlueGuardian
9:27 Loom
11:26 Feudal Age
12:15 Double-Bit Axe
12:12 Horse Collar
20:35 Castle Age
18:46 Stone Mining
18:49 Gold Mining
20:59 Wheelbarrow
22:06 Forging
21:58 Scale Mail Armor
23:25 Bow Saw
23:16 Heavy Plow
23:53 Gold Shaft Mining
30:24 Imperial Age
28:46 Ballistics
29:53 Fletching
30:27 Treadmill Crane
30:52 Elite Hearth Troop
33:03 Fortified Wall
33:34 Iron Casting
34:21 Squires
33:47 Shield Wall
34:41 Caravan
35:28 Bodkin Arrow
36:42 Two-Man Saw
36:24 Padded Archer Armor
36:50 Conscription
36:52 Town Watch
38:44 Heavy Mounted Crossbowman
40:19 Chain Mail Armor
39:50 Cranequins
40:31 Arson
41:45 Thumb Ring
46:15 Bracer
50:16 Pikeman
52:03 Plate Mail Armor
51:34 Halberdier
El Fiel
11:59 Feudal Age
14:22 Horse Collar
14:31 Double-Bit Axe
22:20 Castle Age
25:39 Heavy Plow
25:51 Bow Saw
30:12 Imperial Age
29:49 Stone Mining
30:07 Gold Mining
36:42 Two-Man Saw
36:45 Gold Shaft Mining
36:49 Stone Shaft Mining
36:53 Wheelbarrow
37:24 Crop Rotation
37:55 Hand Cart
40:16 Pikeman
40:18 Light Cavalry
41:09 Bloodlines
40:21 Elite Skirmisher
41:25 Squires
41:30 Husbandry
41:27 Fletching
41:47 Forging
41:38 Scale Mail Armor
41:38 Padded Archer Armor
41:59 Guilds
42:20 Coinage
44:08 Hussar
44:12 Halberdier
45:11 Chain Mail Armor
45:01 Scale Barding Armor
44:52 Bodkin Arrow
45:12 Leather Archer Armor
44:55 Town Watch
45:33 Caravan
46:04 Banking
47:56 Conscription
49:01 Iron Casting
48:56 Plate Mail Armor
48:46 Chain Barding Armor
48:57 Ring Archer Armor
50:11 Arson
50:46 Thumb Ring
50:42 Gambesons
53:15 Plate Barding Armor
55:16 Blast Furnace
Red
14:32 Feudal Age
15:56 Wheelbarrow
15:33 Horse Collar
15:49 Double-Bit Axe
16:49 Gold Mining
21:37 Castle Age
20:42 Forging
20:32 Scale Mail Armor
21:26 Stone Mining
22:41 Hand Cart
22:29 Heavy Plow
22:41 Bow Saw
23:22 Gold Shaft Mining
23:28 Eagle Warrior
29:38 Stone Shaft Mining
30:08 Iron Casting
29:48 Chain Mail Armor
29:41 Squires
30:48 Chain Mail Armor
31:46 Loom
34:15 Caravan
34:45 Coinage
35:38 Town Watch
35:44 Arson
37:49 Treadmill Crane
40:52 Imperial Age
38:41 Town Patrol
40:55 Elite Jaguar Warrior
42:21 Conscription
42:36 Garland Wars
44:35 Blast Furnace
44:05 Plate Mail Armor
44:06 Elite Eagle Warrior
j55/tyl777
7:49 Loom
15:43 Feudal Age
22:01 Castle Age
22:11 Wheelbarrow
21:29 Double-Bit Axe
21:32 Horse Collar
22:44 Heavy Plow
26:31 Bow Saw
26:41 Hand Cart
35:42 Imperial Age
36:28 Town Watch
38:19 Scale Barding Armor
38:05 Fletching
38:26 Forging
38:39 Conscription
37:46 Light Cavalry
38:37 Bloodlines
38:28 Husbandry
41:44 Hussar
42:51 Chain Barding Armor
43:09 Iron Casting
42:30 Bodkin Arrow
44:32 Plate Barding Armor
45:32 Crop Rotation
49:07 Blast Furnace
48:08 Bracer
sTaZero
5:59 Loom
13:16 Feudal Age
18:40 Castle Age
16:35 Horse Collar
17:29 Double-Bit Axe
17:53 Gold Mining
23:17 Heavy Plow
33:16 Imperial Age
31:32 Wheelbarrow
32:03 Bow Saw
32:51 Hand Cart
32:28 Stone Mining
32:54 Forging
32:44 Scale Mail Armor
32:49 Scale Barding Armor
33:36 Caravan
33:22 Pikeman
33:27 Cavalier
34:32 Bloodlines
34:23 Husbandry
35:04 Iron Casting
34:44 Chain Mail Armor
35:28 Chain Barding Armor
36:20 Two-Man Saw
34:49 Paladin
37:27 Blast Furnace
36:42 Town Watch
38:34 Plate Mail Armor
37:54 Fletching
38:05 Padded Archer Armor
40:03 Plate Barding Armor
43:50 Halberdier
48:41 Conscription
54:25 Bodkin Arrow
54:45 Leather Archer Armor
60:15 Town Patrol
60:21 Squires
60:08 Arson
60:51 Ballistics
61:31 Chemistry
59:55 Man-at-Arms
59:58 Light Cavalry
64:03 Long Swordsman
64:29 Gambesons
64:20 Spies/Treason
64:50 Two-Handed Swordsman
64:51 Hussar
65:58 Herbal Medicine
66:03 Devotion
66:29 Illumination
K4T#1
13:13 Feudal Age
21:03 Castle Age
20:25 Stone Mining
20:47 Gold Mining
20:55 Double-Bit Axe
23:42 Horse Collar
29:10 Bow Saw
29:34 Heavy Plow
35:24 Imperial Age
34:28 Heated Shot
37:17 Chemistry
36:52 Crop Rotation
36:39 Forging
36:21 Fletching
36:31 Padded Archer Armor
36:32 Scale Mail Armor
36:38 Scale Barding Armor
37:16 Gold Shaft Mining
36:26 Elite Ballista Elephant
37:21 Husbandry
37:32 Bloodlines
38:02 Ballistics
38:39 Wheelbarrow
38:36 Tusk Swords
39:26 Double Crossbow
40:14 Conscription
39:19 Elite Battle Elephant
40:32 Caravan
42:52 Pikeman
44:04 Hand Cart
44:12 Halberdier
51:37 Onager
53:32 Iron Casting
52:52 Bodkin Arrow
53:30 Chain Mail Armor
53:30 Leather Archer Armor
53:36 Chain Barding Armor
57:47 Siege Engineers
58:48 Blast Furnace
57:48 Bracer
58:19 Ring Archer Armor
58:24 Plate Barding Armor
58:02 Masonry
57:47 Murder Holes
58:03 Fortified Wall
57:44 Guard Tower
58:05 Clinker Construction
58:05 Careening
60:30 Architecture
60:06 Siphons
59:55 Loom
59:56 Town Watch
61:57 Stone Shaft Mining
61:26 Town Patrol
62:04 Hoardings
61:01 Sappers
63:38 Dry Dock
63:38 Carvel Hull
63:54 Keep
64:03 Coinage
63:45 Heavy Scorpion
63:46 Capped Ram
Suiram162
10:59 Feudal Age
11:25 Double-Bit Axe
11:21 Horse Collar
12:17 Wheelbarrow
13:17 Loom
15:34 Gold Mining
21:03 Castle Age
20:01 Stone Mining
22:31 Hand Cart
22:17 Heavy Plow
22:29 Bow Saw
22:58 Stone Shaft Mining
27:28 Treadmill Crane
29:15 Caravan
33:25 Imperial Age
30:40 Town Watch
32:14 Town Patrol
32:31 Fortified Wall
35:06 Two-Man Saw
34:37 Crop Rotation
34:32 Paper Money
34:10 Fletching
34:20 Padded Archer Armor
35:00 Pikeman
36:00 Forging
35:45 Bodkin Arrow
36:04 Masonry
36:56 Chemistry
36:10 Masonry
36:25 Ballistics
36:16 Elite Skirmisher
37:10 Siege Engineers
37:44 Iron Casting
37:11 Scale Mail Armor
37:27 Leather Archer Armor
37:13 Murder Holes
39:55 Chain Mail Armor
39:40 Bracer
40:27 Hoardings
39:56 Chatras
40:04 Scale Barding Armor
40:12 Imperial Skirmisher
40:16 Halberdier
40:59 Squires
41:38 Plate Mail Armor
41:45 Ring Archer Armor
41:55 Ring Archer Armor
42:49 Chain Barding Armor
43:05 Ring Archer Armor
43:12 Husbandry
43:23 Bloodlines
42:34 Elite Battle Elephant
42:40 Elite Battle Elephant
45:54 Plate Barding Armor
猫猫儿W
13:42 Feudal Age
14:31 Double-Bit Axe
14:29 Horse Collar
14:52 Loom
15:59 Gold Mining
21:30 Castle Age
20:01 Bloodlines
21:11 Stone Mining
22:00 Wheelbarrow
26:10 Heavy Plow
26:25 Bow Saw
26:57 Gold Shaft Mining
27:31 Stone Shaft Mining
27:17 Hand Cart
26:48 Town Watch
28:07 Caravan
31:14 Pikeman
31:56 Squires
31:19 Crossbowman
32:34 Town Patrol
33:29 Scale Barding Armor
38:27 Imperial Age
38:17 Ballistics
38:04 Husbandry
38:28 Chain Barding Armor
38:18 Forging
38:00 Fletching
40:45 Conscription
39:49 Elite Steppe Lancer
42:53 Capped Ram
44:19 Drill
43:24 Elite Mangudai
44:25 Siege Ram
46:56 Chemistry
46:02 Siege Engineers
46:09 Masonry
46:40 Bodkin Arrow
47:20 Iron Casting
46:47 Padded Archer Armor
46:58 Thumb Ring
47:18 Parthian Tactics
47:58 Hoardings
46:53 Sappers
46:58 Light Cavalry
48:41 Bracer
49:42 Blast Furnace
48:43 Scale Mail Armor
48:06 Hussar
50:03 Leather Archer Armor
50:07 Onager
51:19 Nomads
61:23 Chain Mail Armor
Connection lost

Rejoining the realm…

Still unreachable

The connection could not be restored.

Session expired

The server has moved on; the page needs a fresh start.